NCAA
TEXAS A&M AGGIES @ DUKE BLUE DEVILS
04/27/2028
 
TOP OF THE 1ST
Texas A&M Aggies batting - Pitching for Duke Blue Devils : RHP Calvin Bickly
Pitching: RHP Calvin Bickly
Batting: RHB Irwin Robinson 0-0: Foul Ball, location: 2F
0-1: Ball
1-1: Foul Ball, location: 2F
1-2: Ground out 6-3 (Groundball, 6)
Batting: RHB Júlio Hobbs 0-0: Ball
1-0: Called Strike
1-1: Called Strike
1-2: Strikes out swinging
Batting: LHB Edward Bennett 0-0: Ball
1-0: Called Strike
1-1: Foul Ball, location: 2F
1-2: Fly out, F7 (Flyball, 7LM)
Top of the 1st over - 0 run(s), 0 hit(s), 0 error(s), 0 left on base; Texas A&M 0 - Duke 0
BOTTOM OF THE 1ST
Duke Blue Devils batting - Pitching for Texas A&M Aggies : LHP John Nelson
Pitching: LHP John Nelson
Batting: RHB Ronnie Starr 0-0: Fly out, F8 (Flyball, 8RS)
Batting: LHB Francisco Ríos 0-0: Ball
1-0: Fly out, F7 (Flyball, 78M)
Batting: RHB John Conway 0-0: Ball
1-0: Called Strike
1-1: Called Strike
1-2: Ball
2-2: Ball
3-2: Base on Balls
Batting: RHB Danny Morrison 0-0: Called Strike
0-1: Ball
1-1: Ball
2-1: Ball
3-1: Swinging Strike
3-2: Base on Balls
John Conway to second
Batting: LHB Cade Brown 0-0: Foul Ball, location: 2F
0-1: Foul Ball, location: 2F
0-2: Ground out 4-3 (Groundball, 4S)
Bottom of the 1st over - 0 run(s), 0 hit(s), 0 error(s), 2 left on base; Texas A&M 0 - Duke 0
TOP OF THE 2ND
Texas A&M Aggies batting - Pitching for Duke Blue Devils : RHP Calvin Bickly
Batting: RHB Jason Lawson 0-0: Ball
1-0: Called Strike
1-1: Ball
2-1: SINGLE (Line Drive, 6)
Batting: RHB Mike Tate 0-0: Called Strike
0-1: Swinging Strike
0-2: Ball
1-2: Strikes out swinging
Batting: RHB Daniel Pineda 0-0: Swinging Strike
0-1: Ball
1-1: Foul Ball, location: 2F
1-2: Fly out, F8 (Flyball, 8LD)
Batting: RHB Anthony Graham 0-0: Ball
1-0: Ball
Jason Lawson steals 2nd base
2-0: Ball
3-0: Called Strike
3-1: Swinging Strike
3-2: Strikes out swinging
Top of the 2nd over - 0 run(s), 1 hit(s), 0 error(s), 1 left on base; Texas A&M 0 - Duke 0
BOTTOM OF THE 2ND
Duke Blue Devils batting - Pitching for Texas A&M Aggies : LHP John Nelson
Batting: LHB Shawn Henderson 0-0: Ball
1-0: Ball
2-0: Ball
3-0: Base on Balls
Batting: RHB Dillon Lewis 0-0: Ball
1-0: Fly out, F5 (Line Drive, 5)
Batting: RHB Bob Ferguson 0-0: Foul Ball, location: 2F
0-1: Grounds into double play, 5-4-3 (Groundball, 5L)
Bottom of the 2nd over - 0 run(s), 0 hit(s), 0 error(s), 0 left on base; Texas A&M 0 - Duke 0
TOP OF THE 3RD
Texas A&M Aggies batting - Pitching for Duke Blue Devils : RHP Calvin Bickly
Batting: RHB Jack Gillespie 0-0: SINGLE (Groundball, 56D)
Batting: RHB Luis García Pickoff Throw to First - Error! E1
Jack Gillespie to second
0-0: Ball
1-0: SINGLE (Line Drive, 34)
Jack Gillespie to third
Batting: RHB Irwin Robinson 0-0: Ball
1-0: Ball
2-0: Swinging Strike
2-1: Called Strike
2-2: Foul Ball, location: 2F
2-2: SINGLE (Groundball, 6MD)
Jack Gillespie scores
Luis García to second
Batting: RHB Júlio Hobbs 0-0: Fly out, F8 (Flyball, 78S)
Batting: LHB Edward Bennett 0-0: SINGLE (Line Drive, 6D)
Luis García to third
Irwin Robinson to second
Batting: RHB Jason Lawson 0-0: Called Strike
0-1: Swinging Strike
0-2: Foul Ball, location: 2F
0-2: Foul Ball, location: 2F
0-2: Ball
1-2: Foul Ball, location: 2F
1-2: Ball
2-2: Foul Ball, location: 2F
2-2: Fly out, F8 (Line Drive, 8RXD)
Runner from 3rd tags up, SCORES, no throw
Irwin Robinson to third
Batting: RHB Mike Tate 0-0: Ball
1-0: Called Strike
1-1: Ball
2-1: Foul Ball, location: 2F
2-2: Strikes out looking
Top of the 3rd over - 2 run(s), 4 hit(s), 1 error(s), 2 left on base; Texas A&M 2 - Duke 0
BOTTOM OF THE 3RD
Duke Blue Devils batting - Pitching for Texas A&M Aggies : LHP John Nelson
Batting: RHB Deron McClendon 0-0: Ball
1-0: Foul Ball, location: 2F
1-1: Fly out, F1 (Line Drive, 13)
Batting: RHB Ronnie Starr 0-0: Ball
1-0: SINGLE (Line Drive, 9S)
Batting: LHB Francisco Ríos 0-0: Called Strike
0-1: Called Strike
Ronnie Starr is caught stealing 2nd base
0-2: Strikes out swinging
Bottom of the 3rd over - 0 run(s), 1 hit(s), 0 error(s), 0 left on base; Texas A&M 2 - Duke 0
TOP OF THE 4TH
Texas A&M Aggies batting - Pitching for Duke Blue Devils : RHP Calvin Bickly
Batting: RHB Daniel Pineda 0-0: Called Strike
0-1: Called Strike
0-2: Ball
1-2: Strikes out swinging, 2-3 out at first.
Batting: RHB Anthony Graham 0-0: Swinging Strike
0-1: Ball
1-1: Swinging Strike
1-2: Ball
2-2: Strikes out swinging
Batting: RHB Jack Gillespie 0-0: Foul Ball, location: 2F
0-1: Swinging Strike
0-2: Foul Ball, location: 2F
0-2: Strikes out swinging
Top of the 4th over - 0 run(s), 0 hit(s), 0 error(s), 0 left on base; Texas A&M 2 - Duke 0
BOTTOM OF THE 4TH
Duke Blue Devils batting - Pitching for Texas A&M Aggies : LHP John Nelson
Batting: RHB John Conway 0-0: Foul Ball, location: 2F
0-1: Ground out 5-3 (Groundball, 25)
Batting: RHB Danny Morrison 0-0: Ball
1-0: Ball
2-0: Called Strike
2-1: Ground out 6-3 (Groundball, 6)
Batting: LHB Cade Brown 0-0: Ball
1-0: Ball
2-0: Called Strike
2-1: Called Strike
2-2: Foul Ball, location: 2F
2-2: Ball
3-2: Strikes out looking
Bottom of the 4th over - 0 run(s), 0 hit(s), 0 error(s), 0 left on base; Texas A&M 2 - Duke 0
TOP OF THE 5TH
Texas A&M Aggies batting - Pitching for Duke Blue Devils : RHP Calvin Bickly
Batting: RHB Luis García 0-0: Swinging Strike
0-1: Ball
1-1: TRIPLE (Line Drive, 89S)
Batting: RHB Irwin Robinson 0-0: Ball
1-0: Called Strike
1-1: Ball
2-1: Ball
3-1: Called Strike
3-2: Base on Balls
Batting: RHB Júlio Hobbs 0-0: Ball
1-0: Called Strike
1-1: Ball
2-1: Called Strike
2-2: Foul Ball, location: 2F
2-2: Ball
3-2: Strikes out swinging
Pitching: RHP Jonas Davis
Batting: LHB Edward Bennett 0-0: Ball
Throwing error on steal attempt, E2
Luis García scores
Irwin Robinson to third
1-0: Called Strike
1-1: Ball
2-1: 2-RUN HOME RUN (Flyball, 89XD), Distance : 367 ft
Batting: RHB Jason Lawson 0-0: Called Strike
0-1: Swinging Strike
0-2: Ball
1-2: Ball
2-2: Ball
3-2: Base on Balls
Batting: RHB Mike Tate 0-0: Ball
1-0: Ball
2-0: Ball
3-0: Ground out 5-3 (Groundball, 56S)
Jason Lawson to second
Batting: RHB Daniel Pineda 0-0: Ground out 5-3 (Groundball, 56)
Top of the 5th over - 3 run(s), 2 hit(s), 1 error(s), 1 left on base; Texas A&M 5 - Duke 0
BOTTOM OF THE 5TH
Duke Blue Devils batting - Pitching for Texas A&M Aggies : LHP John Nelson
Batting: LHB Shawn Henderson 0-0: Called Strike
0-1: Ball
1-1: Called Strike
1-2: Ball
2-2: Foul Ball, location: 2F
2-2: Ball
3-2: Foul Ball, location: 2F
3-2: SINGLE (Groundball, 4D)
Batting: RHB Dillon Lewis 0-0: Ball
1-0: Called Strike
1-1: Foul Ball, location: 2F
1-2: DOUBLE (Groundball, 3L)
Shawn Henderson to third
Batting: RHB Bob Ferguson 0-0: Swinging Strike
0-1: Called Strike
0-2: Ball
1-2: Strikes out swinging
Batting: RHB Deron McClendon 0-0: Swinging Strike
0-1: Called Strike
0-2: Ball
1-2: Ground out 6-3 (Groundball, 6)
Shawn Henderson scores
Batting: RHB Ronnie Starr 0-0: Swinging Strike
0-1: Ball
1-1: Swinging Strike
1-2: SINGLE (Line Drive, 4D)
Dillon Lewis to third
Throwing error, E9
Dillon Lewis scores
Ronnie Starr to second
Batting: LHB Francisco Ríos 0-0: Foul Ball, location: 2F
0-1: Ball
1-1: Ball
2-1: Ball
3-1: SINGLE (Line Drive, 3L)
Ronnie Starr to third
Runner from 3rd tries for Home, SAFE, no throw
Batting: RHB John Conway 0-0: Ball
1-0: Swinging Strike
1-1: Foul Ball, location: 2F
1-2: Strikes out swinging
Bottom of the 5th over - 3 run(s), 4 hit(s), 1 error(s), 1 left on base; Texas A&M 5 - Duke 3
TOP OF THE 6TH
Texas A&M Aggies batting - Pitching for Duke Blue Devils : RHP Jonas Davis
Batting: RHB Anthony Graham 0-0: Ball
1-0: Ball
2-0: SOLO HOME RUN (Flyball, 7D), Distance : 345 ft
Batting: RHB Jack Gillespie 0-0: Ball
1-0: Called Strike
1-1: Ball
2-1: SOLO HOME RUN (Flyball, 7D), Distance : 353 ft
Pitching: LHP Steve Turkington
Batting: RHB Luis García 0-0: Ball
1-0: Ball
2-0: Foul Ball, location: 2F
2-1: Ball
3-1: Fly out, F8 (Flyball, 8RM)
Batting: RHB Irwin Robinson 0-0: Called Strike
0-1: Called Strike
0-2: Ball
1-2: Strikes out swinging
Batting: RHB Júlio Hobbs 0-0: Called Strike
0-1: SINGLE (Line Drive, 56D)
Batting: LHB Edward Bennett 0-0: 2-RUN HOME RUN (Flyball, 89XD), Distance : 387 ft
Batting: RHB Jason Lawson 0-0: Called Strike
0-1: Ground out 5-3 (Groundball, 56)
Top of the 6th over - 4 run(s), 4 hit(s), 0 error(s), 0 left on base; Texas A&M 9 - Duke 3
BOTTOM OF THE 6TH
Duke Blue Devils batting - Pitching for Texas A&M Aggies : LHP John Nelson
Pitching: RHP Raúl Letona
Batting: RHB Danny Morrison 0-0: Ball
1-0: Ball
2-0: SINGLE (Line Drive, 6D)
Batting: LHB Cade Brown 0-0: Ball
1-0: Ball
2-0: Ball
3-0: Base on Balls
Danny Morrison to second
Batting: LHB Shawn Henderson 0-0: Ball
1-0: Called Strike
1-1: Foul Ball, location: 2F
1-2: Ball
2-2: Foul Ball, location: 2F
2-2: Strikes out swinging
Batting: RHB Dillon Lewis 0-0: Ball
1-0: Ball
2-0: Ball
3-0: Base on Balls
Danny Morrison to third
Cade Brown to second
Batting: RHB Bob Ferguson 0-0: Called Strike
0-1: SINGLE (Line Drive, 34D)
Danny Morrison scores
Cade Brown to third
Dillon Lewis to second
Batting: RHB Deron McClendon 0-0: Called Strike
0-1: Ball
1-1: Ball
2-1: Called Strike
2-2: Strikes out swinging
Batting: RHB Ronnie Starr 0-0: Called Strike
0-1: Swinging Strike
0-2: Ball
1-2: SINGLE (Line Drive, 56)
Cade Brown scores
Dillon Lewis to third
Bob Ferguson to second
Runner from 3rd tries for Home, SAFE, no throw
Pitching: RHP Jorge Núñez
Batting: LHB Francisco Ríos 0-0: Ball
1-0: Foul Ball, location: 2F
1-1: Ground out 3-1 (Groundball, 34)
Bottom of the 6th over - 3 run(s), 3 hit(s), 0 error(s), 2 left on base; Texas A&M 9 - Duke 6
TOP OF THE 7TH
Texas A&M Aggies batting - Pitching for Duke Blue Devils : LHP Steve Turkington
Batting: RHB Mike Tate 0-0: Called Strike
0-1: Foul Ball, location: 2F
0-2: Ground out 5-3 (Groundball, 5S)
Batting: RHB Daniel Pineda 0-0: Called Strike
0-1: Ball
1-1: Ball
2-1: Called Strike
2-2: Foul Ball, location: 2F
2-2: Foul Ball, location: 2F
2-2: Fly out, F9 (Flyball, 89M)
Batting: RHB Anthony Graham 0-0: Foul Ball, location: 2F
0-1: Ball
1-1: Foul Ball, location: 2F
1-2: SINGLE (Flyball, 78S)
Batting: RHB Jack Gillespie 0-0: Foul Ball, location: 2F
0-1: Foul Ball, location: 2F
0-2: Foul Ball, location: 2F
0-2: Ball
1-2: Ball
2-2: Foul Ball, location: 2F
2-2: Ball
3-2: Base on Balls
Anthony Graham to second
Batting: RHB Luis García 0-0: Ball
1-0: Swinging Strike
1-1: Called Strike
1-2: Ball
2-2: Foul Ball, location: 2F
2-2: Foul Ball, location: 2F
2-2: Ball
3-2: Base on Balls
Anthony Graham to third
Jack Gillespie to second
Batting: RHB Irwin Robinson 0-0: Called Strike
0-1: Swinging Strike
0-2: Ball
1-2: Ball
2-2: Ball
3-2: Base on Balls
Anthony Graham scores
Jack Gillespie to third
Luis García to second
Pitching: RHP José Mora
Batting: RHB Júlio Hobbs 0-0: Ball
1-0: Ball
2-0: Ball
3-0: Base on Balls
Jack Gillespie scores
Luis García to third
Irwin Robinson to second
Batting: LHB Edward Bennett 0-0: Called Strike
0-1: Ball
1-1: Ball
2-1: Swinging Strike
2-2: Foul Ball, location: 2F
2-2: Foul Ball, location: 2F
2-2: Foul Ball, location: 2F
2-2: Ball
3-2: Foul Ball, location: 2F
3-2: Base on Balls
Luis García scores
Irwin Robinson to third
Júlio Hobbs to second
Batting: RHB Jason Lawson 0-0: Called Strike
0-1: Ball
1-1: Foul Ball, location: 2F
1-2: Foul Ball, location: 2F
1-2: Ball
2-2: Ball
3-2: Base on Balls
Irwin Robinson scores
Júlio Hobbs to third
Edward Bennett to second
Batting: RHB Mike Tate 0-0: Ball
1-0: Foul Ball, location: 2F
1-1: DOUBLE (Flyball, 78M)
Júlio Hobbs scores
Edward Bennett scores
Jason Lawson to third
Batting: RHB Daniel Pineda 0-0: Called Strike
0-1: Ball
1-1: DOUBLE (Line Drive, 7LM)
Jason Lawson scores
Mike Tate scores
Pitching: LHP Paul Carson
Batting: RHB Anthony Graham 0-0: Called Strike
0-1: Hit by Pitch
Batting: RHB Jack Gillespie 0-0: Ball
1-0: DOUBLE (Line Drive, 3D)
Daniel Pineda scores
Anthony Graham to third
Runner from 3rd tries for Home, SAFE, no throw
Batting: RHB Luis García 0-0: Called Strike
0-1: Fly out, F9 (Flyball, 9S)
Top of the 7th over - 10 run(s), 4 hit(s), 0 error(s), 1 left on base; Texas A&M 19 - Duke 6
BOTTOM OF THE 7TH
Duke Blue Devils batting - Pitching for Texas A&M Aggies : RHP Jorge Núñez
Batting: RHB John Conway 0-0: Ball
1-0: Ball
2-0: Ball
3-0: Called Strike
3-1: Foul Ball, location: 2F
3-2: Foul Ball, location: 2F
3-2: Fly out, F9 (Flyball, 9LM)
Batting: RHB Danny Morrison 0-0: Called Strike
0-1: Foul Ball, location: 2F
0-2: Foul Ball, location: 2F
0-2: Ball
1-2: Ball
2-2: Ball
3-2: Base on Balls
Batting: LHB Cade Brown 0-0: SINGLE (Line Drive, 4M)
Danny Morrison to second
Batting: LHB Shawn Henderson 0-0: Called Strike
0-1: Called Strike
0-2: Strikes out swinging
Batting: RHB Dillon Lewis 0-0: Reached on error, E3 (Groundball, 34S)
Danny Morrison scores
Cade Brown to third
Batting: RHB Bob Ferguson 0-0: Foul Ball, location: 2F
0-1: Swinging Strike
0-2: Foul Ball, location: 2F
0-2: Fly out, F9 (Flyball, 89S)
Bottom of the 7th over - 1 run(s), 1 hit(s), 1 error(s), 2 left on base; Texas A&M 19 - Duke 7
TOP OF THE 8TH
Texas A&M Aggies batting - Pitching for Duke Blue Devils : LHP Paul Carson
Batting: RHB Irwin Robinson 0-0: Swinging Strike
0-1: Foul Ball, location: 2F
0-2: Ball
1-2: Strikes out swinging
Batting: RHB Júlio Hobbs 0-0: Called Strike
0-1: Ball
1-1: Ball
2-1: Ball
3-1: Foul Ball, location: 2F
3-2: Base on Balls
Batting: LHB Edward Bennett 0-0: Foul Ball, location: 2F
0-1: Foul Ball, location: 2F
0-2: Ball
1-2: Fly out, F7 (Flyball, 78S)
Batting: RHB Jason Lawson 0-0: Ball
1-0: Called Strike
1-1: Ball
2-1: Fly out, F9 (Flyball, 89S)
Top of the 8th over - 0 run(s), 0 hit(s), 0 error(s), 1 left on base; Texas A&M 19 - Duke 7
BOTTOM OF THE 8TH
Duke Blue Devils batting - Pitching for Texas A&M Aggies : RHP Jorge Núñez
Batting: RHB Deron McClendon 0-0: Ball
1-0: Ball
2-0: Called Strike
2-1: Foul Ball, location: 2F
2-2: Foul Ball, location: 2F
2-2: Ball
3-2: Base on Balls
Batting: RHB Ronnie Starr 0-0: Ball
1-0: Called Strike
1-1: Foul Ball, location: 2F
1-2: Grounds into double play, 5-4-3 (Groundball, 5L)
Batting: LHB Francisco Ríos 0-0: Ball
1-0: Fly out, F7 (Flyball, 7S)
Bottom of the 8th over - 0 run(s), 0 hit(s), 0 error(s), 0 left on base; Texas A&M 19 - Duke 7
TOP OF THE 9TH
Texas A&M Aggies batting - Pitching for Duke Blue Devils : LHP Paul Carson
Batting: RHB Mike Tate 0-0: Called Strike
0-1: Ball
1-1: Foul Ball, location: 2F
1-2: Ball
2-2: Foul Ball, location: 2F
2-2: Foul Ball, location: 2F
2-2: Strikes out swinging
Batting: RHB Daniel Pineda 0-0: Called Strike
0-1: Swinging Strike
0-2: Foul Ball, location: 2F
0-2: Reached on error, E5 (Line Drive, 56)
Batting: RHB Anthony Graham 0-0: Foul Ball, location: 2F
0-1: Foul Ball, location: 2F
0-2: Strikes out looking
Batting: RHB Jack Gillespie 0-0: Ball
1-0: Ball
2-0: Ball
3-0: Foul Ball, location: 2F
3-1: Base on Balls
Daniel Pineda to second
Batting: RHB Luis García 0-0: Fly out, F6 (Popup, 4MS)
Top of the 9th over - 0 run(s), 0 hit(s), 1 error(s), 2 left on base; Texas A&M 19 - Duke 7
BOTTOM OF THE 9TH
Duke Blue Devils batting - Pitching for Texas A&M Aggies : RHP Jorge Núñez
Batting: RHB John Conway 0-0: Ball
1-0: Foul Ball, location: 2F
1-1: Swinging Strike
1-2: SOLO HOME RUN (Flyball, 78XD), Distance : 376 ft
Pitching: RHP Millard Bryant
Pinch Hitting: SHB Luis Romero 0-0: Ball
1-0: Ball
2-0: Called Strike
2-1: Swinging Strike
2-2: Strikes out swinging
Batting: LHB Cade Brown 0-0: Ball
1-0: Swinging Strike
1-1: Swinging Strike
1-2: Fly out, F8 (Flyball, 8RM)
Batting: LHB Shawn Henderson 0-0: Ball
1-0: Ground out 4-3 (Groundball, 4)
Bottom of the 9th over - 1 run(s), 1 hit(s), 0 error(s), 0 left on base; Texas A&M 19 - Duke 8
Tuesday, August 8th, 2017 - OOTP Baseball 17.12 Build 75